 Dungeon Crawl Stone Soup version 0.27.0-1-g7a089689b8 (webtiles) character file.

Game seed: 12445313531855104992

147 Ozzies the Skirmisher (level 5, -1/51 HPs)
             Began as a Minotaur Fighter on Aug 7, 2021.
             Slain by a jackal (2 damage)
             ... on level 3 of the Dungeon.
             The game lasted 00:03:18 (2183 turns).

Ozzies the Skirmisher (Minotaur Fighter)            Turns: 2183, Time: 00:03:18

Health: -1/51      AC:  7    Str: 21    XL:     5   Next: 7%
Magic:  4/4        EV:  7    Int:  5    God:
Gold:   99         SH:  9    Dex: 10    Spells: 4/4 levels left

rFire    . . .     SeeInvis .   a - +0 trident
rCold    . . .     Faith    .   c - +0 kite shield
rNeg     . . .     Spirit   .   b - +0 scale mail
rPois    .         Reflect  .   (helmet restricted)
rElec    .         Harm     .   (no cloak)
rCorr    .         Rampage  .   (no gloves)
Will     .....                  (no boots)
Stlth    ..........             (no amulet)
HPRegen  0.17/turn              (no ring)
MPRegen  0.09/turn              (no ring)

@: lethally poisoned (-1 -> -2)
A: horns 2, retaliatory headbutt
a: no special abilities


You were on level 3 of the Dungeon.
You visited 1 branch of the dungeon, and saw 3 of its levels.

You collected 99 gold pieces.

Inventory:

Hand Weapons
 a - a +0 trident (weapon)
Armour
 b - a +0 scale mail (worn)
 c - a +0 kite shield (worn)
Jewellery
 p - an amulet of guardian spirit
Wands
 k - a wand of iceblast (7)
 l - a wand of polymorph (10)
Scrolls
 e - a scroll of enchant armour {unknown}
 f - a scroll of immolation {unknown}
 g - a scroll of identify {unknown}
 h - 3 scrolls of teleportation {unknown}
 i - a scroll of noise {unknown}
 j - 2 scrolls of magic mapping {unknown}
Potions
 d - 2 potions of might {@q3 !q}
 m - a potion of heal wounds {unknown}
 n - a potion of mutation {unknown}
 o - 2 potions of attraction {unknown}
 q - a potion of berserk rage {unknown}
 r - a potion of curing {unknown}


   Skills:
 * Level 6.4 Fighting
 - Level 3.0 Polearms
 - Level 4.0 Armour
 - Level 4.0 Shields


You had 4 spell levels left.
You didn't know any spells.
Your spell library was empty.

Dungeon Overview and Level Annotations

Branches:
Dungeon (3/15)

Altars:


Innate Abilities, Weirdness & Mutations

You have a pair of horns on your head.
You reflexively headbutt those who attack you in melee.


Message History

You kill the hobgoblin!
The orc priest mumbles some strange prayers to Beogh against you.
Beogh smites you!
An orc priest comes into view. It is wielding a +0 club.
You hear a shout! x2
The orc priest shouts!
You hit the orc. Your headbutt misses the orc.
The orc is almost dead.
The orc priest invokes the aid of Beogh against you.
Beogh smites you!
An orc comes into view. It is wielding a +0 trident.
An orc comes into view. It is wielding a +1 hand axe of venom.
The orc closely misses you.
You are too injured to fight recklessly!
You are too injured to fight recklessly!
You are too injured to fight recklessly!
You are too injured to fight recklessly!
You are too injured to fight recklessly!
You are too injured to fight recklessly!
You are too injured to fight recklessly!
You are too injured to fight recklessly!
You are too injured to fight recklessly!
You are too injured to fight recklessly!
You are too injured to fight recklessly!
You are too injured to fight recklessly!
You are too injured to fight recklessly!
You are too injured to fight recklessly!
You are too injured to fight recklessly!
You are too injured to fight recklessly!
You are too injured to fight recklessly!
You are too injured to fight recklessly!
You hit the orc.
You kill the orc!
The orc priest hits you but does no damage.
An orc comes into view. It is wielding a +0 whip.
The orc priest casts a cantrip, but nothing happens.
The orc priest invokes the aid of Beogh against you.
You barely resist.
Things that are here:
a +0 flail; an orc corpse The orc priest looks braver for a moment.
Reach: a) +0 trident
Press: ? - help, Dir - move target, f - orc priest
Aim: an orc priest, wielding a +0 club and wearing a +0 ring mail (about 39% to evade your +0 trident)
You reach to attack!
You puncture the orc priest!
The orc priest is severely wounded.
Reach: a) +0 trident
Press: ? - help, Dir - move target, f/p - orc priest
Aim: an orc priest, wielding a +0 club and wearing a +0 ring mail (severely wounded, about 40% to evade your +0 trident)
You hit the orc priest but do no damage.
The orc priest is severely wounded.
You block the orc priest's attack.
Reach: a) +0 trident
Press: ? - help, Dir - move target, f/p - orc priest
Aim: an orc priest, wielding a +0 club and wearing a +0 ring mail (severely wounded, about 39% to evade your +0 trident)
You hit the orc priest. You headbutt the orc priest.
You kill the orc priest!
An orc opens the door.
You block the jackal's attack. You block the orc's attack.
Your Fighting skill increases to level 6!
You have reached level 5!
Found 12 bolts and 23 sling bullets.
You hit the orc.
The orc is lightly wounded.
You block the jackal's attack. The orc hits you but does no damage.
The orc barely misses you. You block the orc's attack.
The jackal bites you but does no damage.
The orc hits you but does no damage.
You are poisoned.
You closely miss the orc. You headbutt the orc, but do no damage.
The orc is lightly wounded.
You feel very sick. You block the jackal's attack.
The orc hits you from afar with a +0 trident.
The orc barely misses you. You block the orc's attack.
The orc closely misses you. The jackal barely misses you.
You block the orc's attack. The orc barely misses you.
You hit the orc. You headbutt the orc.
You kill the orc!
You feel sick.
The jackal bites you but does no damage.
The orc hits you but does no damage. You block the orc's attack.
You block the jackal's attack.
You hit the orc but do no damage.
You feel sick. You block the jackal's attack. You block the orc's attack.
The jackal barely misses you.
The orc hits you but does no damage. x2; You block the jackal's attack.
You block the orc's attack. The jackal closely misses you.
You puncture the orc!
You kill the orc!
You feel sick. The orc barely misses you. You block the orc's attack.
The jackal bites you. The jackal barely misses you.
The orc hits you but does no damage. You block the orc's attack.
The jackal bites you but does no damage.
The orc priest invokes the aid of Beogh against you.
Beogh smites you!
* * * LOW HITPOINT WARNING * * *
You miss the jackal. Your headbutt misses the jackal.
* * * LOW HITPOINT WARNING * * *
You feel sick. The jackal bites you.
You die...

#.# ## #.# ######### #.#
#.......# #. # #.#
#.......# #. # #.#
#.....([# #. # #.#
#.......####.#### #.#
#oo.....+........
##.#######hoh....####.....
#.......h@##†#####......##
#########h##o.. +......'.
.o.oo### #......## ..(...#
#......# ........ #.......
......... #........
#^........( #........
#........### #####....
#####


You could see an orc priest, 3 orcs and 4 jackals.

Vanquished Creatures
  An orc priest (D:3)
  2 adders
  2 dart slugs
  2 worms (D:2)
  3 orcs (D:3)
  9 bats
  6 endoplasms
  A giant cockroach (D:2)
  9 goblins
  9 hobgoblins
  10 jackals
  5 kobolds
  4 quokkas
  7 ball pythons
  3 frilled lizards
  4 rats (D:1)
77 creatures vanquished.

Notes
Turn   | Place    | Note
-------+----------+-------------------------------------------
     0 | D:1      | Ozzies the Minotaur Fighter began the quest for the Orb.
     0 | D:1      | Reached XP level 1. HP: 19/19 MP: 0/0
   184 | D:1      | Reached XP level 2. HP: 27/27 MP: 1/1
   187 | D:1      | Reached skill level 4 in Fighting
   399 | D:1      | Reached XP level 3. HP: 33/33 MP: 2/2
  1077 | D:2      | Reached skill level 5 in Fighting
  1200 | D:2      | Reached XP level 4. HP: 41/42 MP: 3/3
  1792 | D:3      | Found a faded altar of an unknown god.
  2178 | D:3      | Reached skill level 6 in Fighting
  2178 | D:3      | Reached XP level 5. HP: 29/51 MP: 4/4
  2182 | D:3      | HP: 2/51 [orc priest/divine providence (14)]
  2183 | D:3      | Slain by a jackal

Illustrated notes

Levels and vault maps discovered:
D:1:      dpeg_arrival_court, layout_basic
D:2:      minmay_recursive_quarters, layout_basic
D:3:      layout_basic, hellmonk_ecumenical_altar_run_dry

Skill      XL: |  1  2  3  4 |
---------------+-------------+-----
Fighting       | 4 5 6 |  6.4
Armour         | 4 |  4.0
Shields        | 4 |  4.0
Polearms       | 3 |  3.0

Action                   |  1- 3 |  4- 6 || total
-------------------------+-------+-------++-------
Melee: Trident           |    98 |    71 ||   169
       Headbutt          |    11 |     8 ||    19
Armor: Scale mail        |    41 |    37 ||    78
Dodge: Dodged            |    27 |    25 ||    52
Block: Kite shield       |    62 |    44 ||   106
